 Dungeon Crawl Stone Soup version 0.21.1-1-g345015f (webtiles) character file.

43 Supahsalami the Skirmisher (level 3, -4/29 HPs)
             Began as a Demonspawn Abyssal Knight on June 14, 2018.
             Was a Follower of Lugonu.
             Slain by a centaur (8 damage)
             ... on level 3 of the Dungeon.
             The game lasted 00:05:40 (757 turns).

Supahsalami the Skirmisher (DsAK)                    Turns: 757, Time: 00:05:41

Health: -4/29      AC:  3    Str: 13    XL:     3   Next: 37%
Magic:  5/5        EV: 13    Int: 13    God:    Lugonu [*.....]
Gold:   80         SH:  0    Dex: 12    Spells: 2/2 levels left

rFire    . . .     SeeInvis .   a - +2 hand axe (elec)
rCold    . . .     Gourm    .   (no shield)
rNeg     . . .     Faith    .   b - +0 leather armour
rPois    .         Spirit   .   (helmet restricted)
rElec    .         Reflect  .   (no cloak)
rCorr    .         Harm     .   (no gloves)
MR       .....                  (no boots)
Stlth    +.........             (no amulet)
HPRegen  0.09/turn              (no ring)
MPRegen  0.09/turn              (no ring)

@: no status effects
A: antennae 1, repulsion field 1
a: Depart the Abyss, Renounce Religion


You were on level 3 of the Dungeon.
You worshipped Lugonu.
Lugonu was aware of your devotion.
You were not hungry.

You visited 1 branch of the dungeon, and saw 3 of its levels.
You visited the Abyss 1 time.

You collected 80 gold pieces.

Inventory:

Hand Weapons
 a - a +2 hand axe of electrocution (weapon)
Missiles
 e - 55 stones (quivered)
 n - 5 poisoned tomahawks
Armour
 b - a +0 leather armour (worn)
Scrolls
 f - 4 scrolls of identify {unknown}
 g - a scroll of remove curse {unknown}
 i - a scroll of enchant weapon {unknown}
 j - a scroll of blinking {unknown}
 m - a scroll of random uselessness {unknown}
Potions
 d - a potion of berserk rage {unknown}
 h - a potion of lignification {unknown}
 k - a potion of curing {unknown}
Comestibles
 c - 2 rations
 l - 5 chunks of flesh


   Skills:
 + Level 3.3 Fighting
 + Level 2.2 Axes
 + Level 2.2 Armour
 + Level 1.3 Dodging
 + Level 3.0 Invocations


You had 2 spell levels left.
You didn't know any spells.

Dungeon Overview and Level Annotations

Branches:
Dungeon (3/15)

Altars:


Innate Abilities, Weirdness & Mutations

You have a pair of small antennae on your head.
You are surrounded by a mild repulsion field. (EV +2)


Message History

The centaur shoots an arrow.
The arrow hits you!
The centaur shoots an arrow.
The arrow hits you but does no damage.
You see here 2 arrows.
Okay, then.
The centaur shoots an arrow.
The arrow closely misses you.
The centaur unwields an uncursed shortbow.
The centaur hits you.
You barely miss the centaur. The centaur hits you!
* * * LOW HITPOINT WARNING * * *
The centaur misses you.
You hit the centaur.
The centaur is moderately wounded.
The centaur hits you.
* * * LOW HITPOINT WARNING * * *
The centaur hits you.
* * * LOW HITPOINT WARNING * * *
You slash the centaur!
The centaur is heavily wounded.
The centaur hits you!
You die...

...#. ......
####### ......
##.....##......
##.......#....
#...........
#.......c.# #
#.......@.#.#
#......$..#.# .
#......(....#..
#.............#
#...........#...
#....(......###.
#<......(......
#.........#####
##........#


You could see a centaur.

Vanquished Creatures
  3 adders (D:2)
  A dart slug (D:2)
  A giant cockroach (D:1)
  5 goblins
  A hobgoblin (D:1)
  A jackal (D:2)
  A ball python (D:1)
  2 kobolds (D:1)
  2 rats
17 creatures vanquished.

Notes
Turn   | Place    | Note
-------+----------+-------------------------------------------
     0 | Abyss:1  | Supahsalami the Demonspawn Abyssal Knight began the quest for the Orb.
     0 | Abyss:1  | Reached XP level 1. HP: 18/18 MP: 2/2
     4 | Abyss:1  | Found a corrupted altar of Lugonu.
    37 | Abyss:1  | Noticed a rakshasa
    69 | Abyss:1  | Found a basalt altar of Yredelemnul.
    78 | Abyss:1  | Found a basalt altar of Yredelemnul.
    86 | Abyss:1  | Found a basalt altar of Yredelemnul.
    86 | Abyss:1  | Noticed a large abomination
    88 | D:1      | Escaped the Abyss
    91 | D:1      | Noticed a spriggan
    91 | D:1      | Noticed a centaur
    93 | D:1      | Noticed a human
    93 | D:1      | Noticed a naga
    95 | D:1      | Noticed a felid
    95 | D:1      | Noticed a demigod
    97 | D:1      | Noticed a halfling
    97 | D:1      | Noticed a troll
    99 | D:1      | Noticed a minotaur
    99 | D:1      | Noticed a merfolk
   101 | D:1      | Noticed a demonspawn
   101 | D:1      | Noticed a vampire
   110 | D:1      | Noticed an octopode
   110 | D:1      | Noticed an ogre
   112 | D:1      | Noticed a formicid
   112 | D:1      | Noticed a gargoyle
   114 | D:1      | Noticed a tengu
   114 | D:1      | Noticed a draconian
   116 | D:1      | Noticed a ghoul
   118 | D:1      | Noticed a vine stalker
   120 | D:1      | Noticed an elf
   122 | D:1      | Noticed a dwarf
   319 | D:2      | Reached skill level 1 in Dodging
   334 | D:2      | Reached * piety under Lugonu
   334 | D:2      | Gained mutation: You are surrounded by a mild repulsion field. (EV +2) [demonic ancestry]
   334 | D:2      | Reached XP level 2. HP: 18/24 MP: 4/4
   730 | D:2      | Gained mutation: You have a pair of small antennae on your head. [demonic ancestry]
   730 | D:2      | Reached XP level 3. HP: 29/29 MP: 5/5
   749 | D:3      | Noticed a centaur
   757 | D:3      | Slain by a centaur

Skill      XL: |  1  2  3 |
---------------+----------+-----
Axes           | 2 |  2.2
Dodging        | 1 |  1.3
Armour         | 2 |  2.2
Invocations    | 3 |  3.0
Fighting       | |  3.3

Action                   || total
-------------------------++-------
Melee: Hand axe          ||    46
Throw: Stone             ||     4
Invok: Depart the Abyss  ||     1
Armor: Leather armour    ||     7
Dodge: Dodged            ||    27
